 Dungeon Crawl Stone Soup version 0.19-a0-583-g665d810 (webtiles) character file.

253 TheGoonsmith the Conjurer (level 5, 0/28 HPs)
             Began as a Deep Elf Conjurer on June 9, 2016.
             Was a Follower of Vehumet.
             Succumbed to a kobold's poison
             ... on level 3 of the Dungeon.
             The game lasted 00:05:07 (3562 turns).

TheGoonsmith the Conjurer (Deep Elf Conjurer)       Turns: 3562, Time: 00:05:08

Health: 0/28       AC:  2    Str:  5    XL:     5   Next: 90%
Magic:  7/23       EV: 18    Int: 19    God:    Vehumet [*.....]
Gold:   118        SH:  6    Dex: 20    Spells: 2 memorised, 11 levels left

rFire  . . .     SeeInvis .     e - +0 short sword
rCold  . . .     Gourm    .     a - +0 robe
rNeg   . . .     Faith    .     g - +1 buckler (curse)
rPois  .         Spirit   .     (no helmet)
rElec  .         Dismiss  .     (no cloak)
rCorr  .         Reflect  .     (no gloves)
SustAt .         Harm     .     (no boots)
MR     .....                    (no amulet)
Stlth  +++.......               n - ring of magical power
                                d - -2 ring of intelligence (curse)

@: agile, lethally poisoned (0 -> -10), flying, not resistant to hostile
enchantments, fairly stealthy
A: no striking features
a: Renounce Religion


You were on level 3 of the Dungeon.
You worshipped Vehumet.
Vehumet was aware of your devotion.
You were not hungry.

You visited 1 branch of the dungeon, and saw 3 of its levels.

You collected 118 gold pieces.

Inventory:

Hand Weapons
 e - a +0 short sword (weapon)
Armour
 a - a +0 robe (worn)
 g - a cursed +1 buckler (worn)
Jewellery
 d - a cursed -2 ring of intelligence (left hand)
 n - a ring of magical power (right hand)
Wands
 r - a wand of iceblast (6/15)
Scrolls
 h - 7 scrolls of identify
 l - a scroll of enchant armour
Potions
 f - a potion of flight
 i - 2 potions of magic {unknown}
 k - a potion of berserk rage {unknown}
 m - a potion of cancellation {unknown}
 o - a potion of agility
 p - a potion of degeneration {unknown}
Books
 b - a book of Conjurations

   Spells                             Type                      Level
   a - Magic Dart                     Conjuration                  1
   b - Searing Ray                    Conjuration                  2
   c - Dazzling Spray                 Conjuration/Hexes            3
   d - Fulminant Prism                Conjuration/Hexes            4
   e - Iskenderun's Mystic Blast      Conjuration                  4
   f - Iskenderun's Battlesphere      Conjuration/Charms           5
Comestibles
 c - 2 bread rations
 j - 3 meat rations
 q - 3 chunks of flesh


   Skills:
 - Level 2.4 Dodging
 - Level 2.4 Stealth
 * Level 2.1 Shields
 + Level 5.0 Spellcasting
 * Level 6.3 Conjurations


You had 11 spell levels left.
You knew the following spells:

 Your Spells              Type           Power        Failure   Level  Hunger
a - Magic Dart            Conj           ####         1%          1    None
b - Searing Ray           Conj           ####..       1%          2    #......


Dungeon Overview and Level Annotations

Branches:
Dungeon (3/15)

Altars:
Ashenzari
Elyvilon
Fedhas
Makhleb
Qazlal
Vehumet
Yredelemnul
The Shining One


Message History

Press: ? - help, Shift-Dir - straight line, f/p - centaur
Aim: a centaur, wielding a shortbow (almost dead)
The magic dart hits the centaur.
You kill the centaur!
Vehumet accepts your kill.
You can now gain magical power from killing.
Vehumet offers you knowledge of Freeze.
Your Shields skill increases to level 2!
Your Spellcasting skill increases to level 5!
* * * LOW HITPOINT WARNING * * *
You feel sick.
Unknown command.
It was a potion of flight.
You feel very buoyant.
You fly up into the air.
The kobold shoots a poisoned needle.
The poisoned needle hits you!
You are more poisoned.
It was a potion of agility.
You feel agile all of a sudden.
You die...

..§§ #.... ≈.§§ ....
... ###≈ ... .... ≈§≈≈
###.. ... S.≈≈≈#≈_8≈#
#..>. ... ...≈§#≈.§§§
#(...##K# ##.≈§#≈≈≈≈§
+.....#c# #....≈≈≈≈#≈
#....@#†####..≈....≈≈≈
##....(K........≈.....
###..................
#.................#
#.................#
#.......).........#
#(.................
#..................
#..................


You could see a kobold.

Vanquished Creatures
  A centaur (D:3)
  A worker ant (D:3)
  3 gnolls (D:3)
  5 adders
  2 worms (D:3)
  2 dart slugs
  3 giant geckos
  6 orcs (D:3)
  2 giant cockroaches
  3 goblins
  4 hobgoblins
  2 jackals (D:1)
  7 kobolds
  2 quokkas
  A ball python (D:1)
  5 bats
  5 giant newts
  7 rats
61 creatures vanquished.

Vanquished Creatures (others)
  A bat (D:2)
1 creature vanquished.

Grand Total: 62 creatures vanquished

Notes
Turn   | Place    | Note
--------------------------------------------------------------
     0 | D:1      | TheGoonsmith the Deep Elf Conjurer began the quest for the Orb.
     0 | D:1      | Reached XP level 1. HP: 10/10 MP: 6/6
   169 | D:1      | Reached XP level 2. HP: 15/15 MP: 4/8
   675 | D:1      | Learned a level 2 spell: Searing Ray
   815 | D:1      | Reached skill level 5 in Conjurations
   934 | D:2      | Reached XP level 3. HP: 19/19 MP: 5/10
  1072 | D:2      | Found a burning altar of Makhleb.
  1072 | D:2      | Noticed an Executioner
  1105 | D:2      | Found a blossoming altar of Fedhas.
  1117 | D:2      | Found a basalt altar of Yredelemnul.
  1215 | D:2      | Found a shattered altar of Ashenzari.
  1372 | D:2      | Found a white marble altar of Elyvilon.
  1632 | D:2      | Found a radiant altar of Vehumet.
  1816 | D:2      | Became a worshipper of Vehumet
  2792 | D:3      | Reached XP level 4. HP: 24/24 MP: 12/12
  2895 | D:3      | Found a glowing golden altar of the Shining One.
  2907 | D:3      | Reached skill level 1 in Shields
  3171 | D:3      | Reached XP level 5. HP: 20/28 MP: 10/13
  3498 | D:3      | Found a stormy altar of Qazlal.
  3547 | D:3      | Noticed a centaur
  3553 | D:3      | Reached skill level 6 in Conjurations
  3560 | D:3      | Killed a centaur
  3560 | D:3      | Reached * piety under Vehumet
  3560 | D:3      | Offered knowledge of Freeze by Vehumet.
  3560 | D:3      | Reached skill level 5 in Spellcasting
  3560 | D:3      | HP: 1/28 [poisoned by a kobold]
  3562 | D:3      | Succumbed to a kobold's poison

Vault maps used:
D:1:      tarquinn_simple_flora_water_f
D:2:      kennysheep_ying_yang, makhleb_altar_promises_db,
          nicolae_overflow_crystal_walls, lemuel_doored_altar,
          fiery_altar_vehumet
D:3:      nicolae_qazlal_general_emergency, old_standard_altar

Skill      XL: |  1  2  3  4  5 |
---------------+----------------+-----
Conjurations   | 5 6 |  6.3
Spellcasting   | 4 5 |  5.0
Shields        | 1 2 |  2.1
Dodging        | |  2.4
Stealth        | |  2.4

Action                   |  1- 3 |  4- 6 || total
-------------------------+-------+-------++-------
 Cast: Magic Dart        |    72 |    57 ||   129
       Searing Ray       |     1 |     5 ||     6
  Use: Scroll            |     4 |     1 ||     5
       Potion            |       |     2 ||     2
  Eat: Chunk             |     3 |       ||     3
       Bread ration      |     1 |       ||     1
Armor: Robe              |     1 |     4 ||     5
Dodge: Dodged            |     5 |     4 ||     9
Block: Buckler           |       |     3 ||     3
